 Dungeon Crawl Stone Soup version 0.18-a0-1088-g34ef3a2 (webtiles) character file.

334 tof the Shield-Bearer (level 6, -5/48 HPs)
             Began as a Formicid Fighter on Jan 15, 2016.
             Killed by divine providence
             ... invoked by an orc priest
              (14 damage)
             ... on level 4 of the Dungeon.
             The game lasted 00:06:02 (2661 turns).

tof the Shield-Bearer (Formicid Fighter)            Turns: 2661, Time: 00:06:03

Health: -5/48      AC:  9    Str: 21    XL:     6   Next: 83%
Magic:  6/6        EV:  1    Int:  7    God:
Gold:   138        SH: 14    Dex: 12    Spells: 0 memorised, 5 levels left

rFire  . . .     SeeInvis +     a - +0 long sword
rCold  . . .     Gourm    .     v - +0 chain mail
rNeg   . . .     Faith    .     c - +0 shield
rPois  .         Spirit   .     (helmet unavailable)
rElec  .         Dismiss  .     (no cloak)
rCorr  .         Reflect  +     (no gloves)
SustAt .         Harm     .     (no boots)
MR     .....                    y - +4 amulet of reflection
Stlth  ..........               (no ring)
                                (no ring)

@: not resistant to hostile enchantments, extremely unstealthy
A: permanent stasis, dig shafts and tunnels, four strong arms, antennae 3
a: Dig, Shaft Self


You were on level 4 of the Dungeon.
You were not hungry.

You visited 1 branch of the dungeon, and saw 4 of its levels.

You collected 138 gold pieces.

Inventory:

Hand Weapons
 a - a +0 long sword (weapon)
Armour
 b - a +0 scale mail
 c - a +0 shield (worn)
 v - a +0 chain mail (worn)
Jewellery
 y - a +4 amulet of reflection (around neck)
 B - a +5 amulet of reflection
Scrolls
 g - 3 scrolls of identify {unknown}
 h - 4 scrolls of remove curse
 i - 2 scrolls of teleportation {unknown}
 k - a scroll of fog {unknown}
 l - 4 scrolls of recharging
 m - 2 scrolls of enchant armour {unknown}
 n - 2 scrolls of blinking {unknown}
 r - a scroll of fear {unknown}
 A - a scroll of amnesia {unknown}
 D - a scroll of enchant weapon {unknown}
Potions
 d - a potion of might
 e - 2 potions of haste {unknown}
 q - a potion of mutation {unknown}
 s - a potion of poison {unknown}
 t - a potion of magic {unknown}
 u - 2 potions of curing {unknown}
 z - a potion of heal wounds {unknown}
 C - a potion of berserk rage {unknown}
 E - a potion of cure mutation {unknown}
Comestibles
 f - 4 bread rations
 j - a meat ration
 o - a chunk of flesh
 p - a slice of pizza
 w - a beef jerky
 x - 2 fruits


   Skills:
 + Level 4.2 Fighting
 * Level 3.9 Long Blades
 + Level 4.4 Armour
 * Level 5.9 Shields


You had 5 spell levels left.
You didn't know any spells.

Dungeon Overview and Level Annotations

Branches:
Dungeon (4/15)
 Temple: D:4-7

Altars:
Kikubaaqudgha
Qazlal


Innate Abilities, Weirdness & Mutations

You are under a permanent stasis effect.
You can dig through walls and to a lower floor.
Your four strong arms can wield two-handed weapons with a shield.
You have a pair of large antennae on your head (SInv).


Message History

You block the orc's attack.
You see here a giant club.
The orc priest hits you with a mace.
* * * LOW HITPOINT WARNING * * *
The orc hits you with a war axe.
* * * LOW HITPOINT WARNING * * *
There is an open door here.
The orc priest calls down the wrath of Beogh upon you.
Pain shoots through your body!
* * * LOW HITPOINT WARNING * * *
The orc priest mumbles some strange prayers to Beogh against you.
You struggle to resist.
The orc priest mumbles some strange prayers to Beogh against you.
Pain shoots through your body!
* * * LOW HITPOINT WARNING * * *
The orc priest miscasts a cantrip.
There is a stone staircase leading up here.
The orc priest invokes the aid of Beogh against you.
Something smites you!
You die...

#....#####...#.......#
#.......##...ooo.....#
#.....).#...o#.{.)...#
#.......'....#.......#
#.......#.o..#..[....#
#.#......oo..#.).....#
#.#.......#+####'#####
#.#.#.....# #.#
#.#...@...# ...
#.#.###...# ....
#.........##########
###.####..........
#.####.#########
#......# #.###### #.#
#.#


You could see 2 orc priests and 3 orcs.

Vanquished Creatures
  An ogre (D:4)
  A centaur skeleton (D:4)
  2 orc wizards (D:4)
  Terence (D:3)
  A hound skeleton (D:3)
  8 adders
  2 oozes
  2 worms (D:3)
  A giant gecko (D:4)
  An orc (D:3)
  2 giant cockroaches
  2 goblins
  8 hobgoblins
  2 quokkas (D:3)
  A ball python (D:3)
  10 bats
  3 giant newts
  8 kobolds
  12 rats
68 creatures vanquished.

Notes
Turn   | Place    | Note
--------------------------------------------------------------
     0 | D:1      | tof the Formicid Fighter began the quest for the Orb.
     0 | D:1      | Reached XP level 1. HP: 18/18 MP: 1/1
   332 | D:1      | Reached XP level 2. HP: 24/24 MP: 2/2
   487 | D:1      | Reached skill level 4 in Shields
   785 | D:1      | Reached XP level 3. HP: 26/29 MP: 3/3
  1023 | D:2      | Reached XP level 4. HP: 33/37 MP: 4/4
  1032 | D:2      | Found a stormy altar of Qazlal.
  1497 | D:2      | Found an ancient bone altar of Kikubaaqudgha.
  1877 | D:3      | Reached XP level 5. HP: 39/42 MP: 5/5
  1951 | D:3      | Reached skill level 5 in Shields
  2364 | D:3      | Noticed Terence
  2371 | D:3      | Killed Terence
  2443 | D:4      | Reached XP level 6. HP: 44/48 MP: 6/6
  2494 | D:4      | Noticed an ogre
  2504 | D:4      | Killed an ogre
  2661 | D:4      | Killed from afar by an orc priest

Vault maps used:
D:1:      lightli_arrival_quake, minmay_misc_feat_chi
D:2:      grunt_qazlal_sundering, marbit_many_paths, first_bread,
          kennysheep_big_empty_room, bh_walls_and_bars
D:3:      uniq_terence
D:4:      minmay_temple_entry_statues, serial_shops, shop

Action                   |  1- 3 |  4- 6 || total
-------------------------+-------+-------++-------
Melee: Long sword        |    99 |   198 ||   297
  Use: Scroll            |       |     2 ||     2
  Eat: Chunk             |     1 |     5 ||     6
